 Dungeon Crawl Stone Soup version 0.30-a0-1075-gcd70e7a56d (webtiles) character file.

Game seed: 6438231803936997826

1701 kae the Changer (level 8, 0/64 HPs)
             Began as a Demonspawn Transmuter on Apr 14, 2023.
             Slain by a gnoll
             ... wielding a +0 whip
             ... led by a gnoll bouda
              (3 damage)
             ... on level 6 of the Dungeon.
             The game lasted 00:07:09 (6034 turns).

kae the Changer (Demonspawn Transmuter)             Turns: 6034, Time: 00:07:09

Health: 0/64       AC:  7    Str: 11    XL:     8   Next: 73%
Magic:  11/15      EV: 10    Int: 16    God:
Gold:   281        SH:  0    Dex: 16    Spells: 6/16 levels left

rFire   x . .      SeeInvis +      - Unarmed
rCold   + + +      Faith    .    (shield currently unavailable)
rNeg    . . .      Spirit   .    a - melded +0 robe
rPois   +          Reflect  .    (helmet currently unavailable)
rElec   .          Rampage  .    (cloak currently unavailable)
rCorr   .                        (gloves currently unavailable)
Will    .....                    (boots currently unavailable)
Stlth   ++                       (no amulet)
HPRegen 0.30/turn                P - ring of poison resistance
MPRegen 0.14/turn                v - ring of see invisible

@: ice-form, wereblooded
A: freezing attack, amphibious, boosted hp, large, (antennae 2), thin skeletal
structure 1, powered by pain 1
a: End Transformation


You were on level 6 of the Dungeon.
You were a creature of crystalline ice.
You visited 1 branch of the dungeon, and saw 6 of its levels.
You also visited: Sewer.

You collected 281 gold pieces.


Innate Abilities, Weirdness & Mutations

You are a creature of crystalline ice.
You have a powerful freezing melee attack.
You are amphibious.
Your maximum health is increased.
Your armour is entirely melded.
You are incapable of wielding weapons or throwing items.
((You have a pair of antennae on your head.))
You have a somewhat thin skeletal structure. (Dex +2, Stealth+)
You sometimes gain a little power by taking damage.


   Skills:
 - Level 1.0 Fighting
 - Level 1.7 Dodging
 + Level 5.1 Unarmed Combat
 + Level 4.7 Spellcasting
 * Level 6.5 Transmutations
 * Level 4.5 Ice Magic
 - Level 2.0 Poison Magic


You had 6 spell levels left.
You knew the following spells:

 Your Spells              Type           Power      Damage    Failure   Level
a - Beastly Appendage     Tmut           48%        N/A       1%          1
b - Wereblood             Tmut           24%        N/A       1%          2
c - Spider Form           Tmut/Pois      17%        N/A       9%          3
d - Ice Form              Ice/Tmut       21%        N/A       16%         4

Your spell library contained the following spells:

 Spells                   Type           Power      Damage    Failure   Level
 Hailstorm                Conj/Ice       11%        3d5       19%         3
 Sublimation of Blood     Necr           3%         N/A       24%         2
 Petrify                  Tmut/Erth      14%        N/A       38%         4
 Irradiate                Conj/Tmut      7%         3d14      75%         5
 Simulacrum               Ice/Necr       5%         N/A       100%        6

Inventory:

Missiles
 d - 13 poisoned darts
 j - 61 stones
 n - 2 boomerangs
 w - 6 javelins
Armour
 a - a +0 robe (melded)
Magical Staves
 u - a staff of earth {!a}
   (You found it on level 5 of the Dungeon)
Jewellery
 v - a ring of see invisible (right front paw)
   (You found it on level 3 of the Dungeon)
 F - a ring of fire
   (You found it on level 3 of the Dungeon)
 P - a ring of poison resistance (left front paw)
   (You found it on level 1 of the Dungeon)
 T - an amulet of faith {!P}
   (You found it on level 5 of the Dungeon)
Wands
 l - a wand of mindburst (16)
   (You found it on level 2 of the Dungeon)
Scrolls
 i - 4 scrolls of teleportation {@r4}
 k - a scroll of enchant weapon
Potions
 b - 2 potions of lignification {!q}
 c - a potion of cancellation
 e - 5 potions of curing {@q1}
 f - 2 potions of heal wounds {unknown}
 g - a potion of haste {@q3}
 h - a potion of might
 m - 2 potions of berserk rage {!q}
 o - 2 potions of mutation {!q}
 p - a potion of degeneration {unknown}
 r - a potion of magic
 s - a potion of brilliance {unknown}
 t - a potion of attraction {!q}

Dungeon Overview and Level Annotations

Branches:
Dungeon (6/15) Zot: 26929   Sewer (visited)
 Temple: D:4-7

Altars:
Qazlal
Trog
Yredelemnul

Shops:
D:3 [ D:4

[ #########
.....)..# ........#
........############
......gg#....[......
.<....gY#...........
....?.gā€
'<..........
........#....#... .
........####.# ...
........###..#..#
###+###'##......#
#........###..#
#........'.#.....
........).#.# ....


You could see 4 gnolls.


Message History

There is a stone staircase leading up here.
Casting: Ice Form (quite dangerous; 17% risk of failure)
Confirm with . or Enter, or press ? or * to list all spells.
The spell is quite dangerous to miscast (17% risk of failure)!
Continue anyway? [Y]es or [N]o only, please.
The spell is quite dangerous to miscast (17% risk of failure)!
Continue anyway?
You turn into a creature of crystalline ice.
Your +0 robe melds into your body. šŸ˜Ž HP[+10] MP[-4]
You now have 64 max hp (+10).
Your hp is fully restored (64).
You lost 4 mp, and now have 11/15 mp.
Casting: Ice Form (dangerous; 17% risk of failure)
Confirm with . or Enter, or press ? or * to list all spells.
Your blood is infused with primal strength. šŸ˜Ž MP[-2]
You lost 2 mp, and now have 9/15 mp.
You open the door. 4 gnolls come into view.
The adder hisses angrily.
The gnoll shouts! x2; The gnoll bouda shouts!
There is an open door here.
The gnoll shouts!
You punch the adder! You freeze the adder.
You kill the adder!
You howl as the wereblood boils in your veins!
The gnoll bouda barks out a call to the hunt!
The gnolls pick up the pace! šŸ˜Ž MP[+1]
You punch the gnoll bouda! You freeze the gnoll bouda.
You howl as the wereblood boils in your veins!
The gnoll throws a throwing net.
The throwing net hits you.
You become entangled in the net!
The gnoll hits you with a +0 flail. The gnoll bouda completely misses you.
You struggle against the net.
The gnoll barely misses you. The gnoll bouda barely misses you.
The gnoll hits you with a +0 flail! šŸ˜• HP[-11]
You take 11 damage, and now have 53/64 hp.
You struggle against the net.
The gnoll hits you with a +0 flail.
You struggle against the net.
The gnoll barely misses you. x2
The gnoll hits you with a +0 flail. šŸ˜• HP[-3]
You take 3 damage, and now have 50/64 hp.
You struggle against the net.
The gnoll hits you but does no damage.
The gnoll bouda hits you with a +0 club.
The gnoll hits you but does no damage. The gnoll hits you with a +0 flail.
You are too injured to fight recklessly! šŸ˜® HP[-9]
You take 9 damage, and now have 41/64 hp.
You are too injured to fight recklessly!
You are too injured to fight recklessly!
Unknown command.
You shred the net and break free! The gnoll closely misses you.
The gnoll bouda hits you with a +0 club.
The gnoll hits you with a +0 whip.
* * * LOW HITPOINT WARNING * * *
The gnoll hits you with a +0 flail.
* * * LOW HITPOINT WARNING * * *
You punch the gnoll bouda! You freeze the gnoll bouda.
You feel a bit better.
You kill the gnoll bouda!
You howl as the wereblood boils in your veins!
The gnoll hits you with a +0 whip.
* * * LOW HITPOINT WARNING * * *
The gnoll throws a throwing net.
The throwing net hits you.
You become entangled in the net!
The gnoll hits you but does no damage. x2 šŸ˜Ø HP[-11] MP[+1]
You take 11 damage, and now have 30/64 hp.
You struggle against the net.
The gnoll barely misses you. The gnoll hits you with a +0 flail.
* * * LOW HITPOINT WARNING * * *
The gnoll barely misses you. šŸ˜Ø HP[-6]
You take 6 damage, and now have 24/64 hp.
You struggle against the net.
The gnoll hits you with a +0 flail.
* * * LOW HITPOINT WARNING * * *
The gnoll hits you but does no damage. The gnoll hits you with a +0 flail.
* * * LOW HITPOINT WARNING * * *
The gnoll hits you with a +0 flail!
* * * LOW HITPOINT WARNING * * *
šŸ˜± HP[-11]
You take 11 damage, and now have 13/64 hp.
You struggle against the net.
The gnoll hits you but does no damage. The gnoll barely misses you.
The gnoll hits you with a +0 flail.
* * * LOW HITPOINT WARNING * * *
The gnoll hits you with a +0 flail.
* * * LOW HITPOINT WARNING * * *
Unknown command. šŸ˜± HP[-4]
You take 4 damage, and now have 9/64 hp.
You shred the net and break free! The gnoll hits you but does no damage.
The gnoll barely misses you. The gnoll hits you with a +0 flail!
* * * LOW HITPOINT WARNING * * *
The gnoll barely misses you. šŸ˜± HP[-6]
You take 6 damage, and now have 3/64 hp.
Okay, then.
The gnoll attacks as you move away! The gnoll closely misses you.
The gnoll attacks as you move away! The gnoll hits you with a +0 whip.
You die...

Skill      XL: |  1  2  3  4  5  6  7  8 |
---------------+-------------------------+-----
Transmutations | 2 3 4 5 6 |  6.5
Unarmed Combat | 3 4 5 |  5.1
Poison Magic   | 1 2 |  2.0
Spellcasting   | 3 4 |  4.7
Ice Magic      | 1 3 4 |  4.5
Fighting       | |  1.0
Dodging        | |  1.7

Action                     |  1- 3 |  4- 6 |  7- 9 || total
---------------------------+-------+-------+-------++-------
  Melee: Unarmed           |   113 |   187 |   139 ||   439
         Kick              |    18 |    15 |       ||    33
         Headbutt          |    10 |       |       ||    10
         Punch             |       |     1 |       ||     1
   Cast: Beastly Appendage |    28 |    14 |       ||    42
         Wereblood         |     2 |     4 |     9 ||    15
         Spider Form       |       |    14 |     8 ||    22
         Ice Form          |       |     1 |    11 ||    12
    Use: Scroll            |     1 |     3 |     8 ||    12
         Potion            |       |     3 |       ||     3
   Stab: Distracted        |     1 |       |       ||     1
         Sleeping          |     5 |     5 |       ||    10
 Armour: Robe              |    25 |    13 |     2 ||    40
         Skin              |       |    21 |    45 ||    66
  Dodge: Dodged            |   116 |   133 |   104 ||   353

Levels and vault maps discovered:
D:1:      dpeg_arrival_oval, layout_basic, hex_large
D:2:      layout_loops_ring, basic_ecumenical_altar, due_unseen_surprise,
          uniq_natasha
D:3:      layout_basic, serial_shops, shop
D:4:      layout_cave_pools, serial_shops, nicolae_shop_stone,
          gup_sewer_entry_spiral, minmay_ruined_shrine
D:5:      layout_rooms, minitemple
D:6:      lemuel_slime, layout_basic, minmay_temple_entry_slanted,
          minmay_misc_feat_columns, uniq_sigmund

Notes
Turn   | Place    | Note
-------+----------+-------------------------------------------
     0 | D:1      | kae the Demonspawn Transmuter began the quest for the Orb.
     0 | D:1      | Reached XP level 1. HP: 15/15 MP: 3/3
     0 | D:1      | magus.rc [v1.11.3]
    61 | D:1      | Reached skill level 2 in Transmutations
   125 | D:1      | Gained mutation: You have a somewhat thin skeletal
                  | structure. (Dex +2, Stealth+) [demonic ancestry]
   125 | D:1      | Reached XP level 2. HP: 21/21 MP: 3/5
   128 | D:1      | Learned a level 2 spell: Wereblood
   155 | D:1      | HP: 4/21 [endoplasm (3)]
   161 | D:1      | HP: 2/21 [jackal (1)]
   168 | D:1      | HP: 3/21 [jackal (1)]
   383 | D:1      | Reached skill level 3 in Unarmed Combat
   442 | D:1      | Gained mutation: You sometimes gain a little power by
                  | taking damage. [demonic ancestry]
   442 | D:1      | Reached XP level 3. HP: 24/26 MP: 4/6
   446 | D:1      | Learned a level 3 spell: Spider Form
  1373 | D:2      | Found a faded altar of an unknown god.
  1517 | D:2      | Noticed Natasha
  1524 | D:2      | Killed Natasha
  1525 | D:2      | Reached skill level 3 in Transmutations
  1525 | D:2      | Reached skill level 1 in Poison Magic
  1525 | D:2      | Reached XP level 4. HP: 32/32 MP: 5/7
  1694 | D:2      | Noticed Natasha
  1704 | D:2      | Killed Natasha
  1882 | D:2      | Found a faded altar of an unknown god.
  2022 | D:2      | Noticed Natasha
  2029 | D:2      | Killed Natasha
  2419 | D:3      | Gained mutation: You have a pair of small antennae on your
                  | head. [demonic ancestry]
  2419 | D:3      | Reached XP level 5. HP: 33/37 MP: 9/9
  2565 | D:3      | Found Vicoupp's Antique Armour Shop.
  2581 | D:3      | Reached skill level 2 in Poison Magic
  3139 | D:3      | Reached skill level 3 in Spellcasting
  3395 | D:4      | Noticed a black bear
  3409 | D:4      | Killed a black bear
  3410 | D:4      | Reached skill level 4 in Transmutations
  3410 | D:4      | Reached XP level 6. HP: 13/43 MP: 10/10
  3533 | D:4      | Found a glowing drain.
  3549 | Sewer    | Entered a sewer
  3604 | Sewer    | Learned a level 4 spell: Ice Form
  3812 | Sewer    | Found an ancient bone altar of Kikubaaqudgha.
  3845 | Sewer    | Reached skill level 4 in Unarmed Combat
  3845 | Sewer    | Reached skill level 1 in Ice Magic
  3984 | Sewer    | Reached XP level 7. HP: 38/48 MP: 3/12
  4175 | Sewer    | Noticed Grinder
  4186 | Sewer    | Killed Grinder
  4187 | Sewer    | Reached skill level 5 in Transmutations
  4187 | Sewer    | Reached skill level 2 in Ice Magic
  4428 | D:4      | Reached skill level 4 in Spellcasting
  4442 | D:4      | Reached skill level 3 in Ice Magic
  4680 | D:4      | Found Unoill's Armour Shop.
  4721 | D:4      | Gained mutation: You have a pair of antennae on your head.
                  | [demonic ancestry]
  4721 | D:4      | Reached XP level 8. HP: 17/54 MP: 10/14
  4854 | D:4      | You pick up a book of Alchemy and begin reading...
  4854 | D:4      | You add the spells Sublimation of Blood, Petrify and
                  | Irradiate to your library.
  5022 | D:4      | Found a bloodstained altar of Trog.
  5024 | D:4      | You pick up a book of the Tundra and begin reading...
  5024 | D:4      | You add the spells Hailstorm and Simulacrum to your
                  | library.
  5262 | D:5      | Entered Level 5 of the Dungeon
  5426 | D:5      | Reached skill level 6 in Transmutations
  5432 | D:5      | Reached skill level 4 in Ice Magic
  5436 | D:5      | Reached skill level 5 in Unarmed Combat
  5633 | D:5      | Found a basalt altar of Yredelemnul.
  5634 | D:5      | Found a stormy altar of Qazlal.
  6031 | D:6      | HP: 13/64 [gnoll/+0 flail[a gnoll bouda] (7)]
  6033 | D:6      | HP: 3/64 [gnoll/+0 flail[a gnoll bouda] (7)]
  6034 | D:6      | Slain by a gnoll

Vanquished Creatures
  Grinder (Sewer)
  A water moccasin (D:5)
  3 black bears
  A centaur (D:5)
  A phantom (D:5)
  A kobold brigand (Sewer)
  A scorpion (D:4)
  A necrophage (Sewer)
  A wight (Sewer)
  A howler monkey (D:4)
  An orc priest (D:5)
  A gnoll bouda (D:6)
  3 hounds
  2 iguanas
  2 sleepcaps
  3 orc wizards (D:5)
  Natasha (thrice) (D:2)
  4 gnolls
  10 adders
  2 river rats (D:4)
  3 shadow imps (Sewer)
  4 ufetubi
  4 worms
  A dart slug (D:3)
  4 orcs
  6 bats
  8 endoplasms
  5 giant cockroaches
  7 goblins
  7 hobgoblins
  11 jackals
  7 quokkas
  10 ball pythons
  2 frilled lizards (D:1)
  18 kobolds
  3 kobold zombies (Sewer)
  6 rats
149 creatures vanquished.

Table legend:
 A = Non-vault XP
 B = Vault XP
 C = Vault XP percentage of total XP
 D = Non-vault monster count
 E = Vault monster count
 F = Vault count percentage of total count
                 A         B        C        D         E       F
            +---------+---------+-------+---------+---------+-------
      Total |    1627 |     803 |  33.0 |     104 |      45 |  30.2
            +---------+---------+-------+---------+---------+-------
        D:1 |      56 |       0 |   0.0 |      31 |       0 |   0.0
        D:2 |     101 |      35 |  25.7 |      12 |       1 |   7.7
        D:3 |     118 |       0 |   0.0 |      23 |       0 |   0.0
        D:4 |     355 |     171 |  32.5 |      21 |      15 |  41.7
        D:5 |     944 |       0 |   0.0 |      15 |       0 |   0.0
        D:6 |      53 |       0 |   0.0 |       2 |       0 |   0.0
      Sewer |       0 |     597 | 100.0 |       0 |      29 | 100.0
            +---------+---------+-------+---------+---------+-------

Illustrated notes

Table legend:
 A = Kills in this place as a percentage of kills in the entire game.
 B = Kills by you in this place as a percentage of kills by you in the entire game.
 C = Kills by friends in this place as a percentage of kills by friends in the entire game.
 D = Other kills in this place as a percentage of other kills in the entire game.
 E = Experience gained in this place as a percentage of experience gained in the entire game.
 F = Experience gained in this place divided by the number of levels of this place that you have seen.
                   A       B       C       D       E      F
               +-------+-------+-------+-------+-------+----------------------
         Total | 100.0 | 100.0 |   N/A |   N/A | 100.0 | 347.1
       Dungeon |  80.5 |  80.5 |   N/A |   N/A |  75.4 | 305.5
         Sewer |  19.5 |  19.5 |   N/A |   N/A |  24.6 | 597.0
               +-------+-------+-------+-------+-------+----------------------

Table legend: (Time is in decaauts)
 A = Elapsed time spent in this place.
 B = Non-inter-level travel time spent in this place.
 C = Inter-level travel time spent in this place.
 D = Time resting spent in this place.
 E = Time spent auto-exploring this place.
 F = Levels seen in this place.
 G = Mean time per level.
                   A        B        C        D        E       F      G
               +--------+--------+--------+--------+--------+-----+--------+
         Total |   6056 |   5865 |    191 |    265 |   4280 |   7 |  865.1 |
       Dungeon |   5297 |   5106 |    191 |    128 |   3943 |   6 |  882.8 |
         Sewer |    759 |    759 |      0 |    137 |    337 |   1 |  759.0 |
               +--------+--------+--------+--------+--------+-----+--------+

Top non-repeatable levels by time:
     D:2: 1353 daAuts
     D:4: 1091 daAuts
     D:3: 1080 daAuts
     D:1: 1005 daAuts
   Sewer: 759 daAuts
     D:5: 695 daAuts
     D:6: 70 daAuts
